 Dungeon Crawl Stone Soup version 0.26.1-2-gb8aa6d0cf2 (webtiles) character file.

Game seed: 8670538562646751037

10750 funkygono the Basher (level 11, -15/77 HPs)
             Began as a Demonspawn Monk on Feb 16, 2021.
             Was an Elder of Ru.
             Demolished by a shadow (27 damage)
             ... on level 10 of the Dungeon.
             The game lasted 00:35:08 (14152 turns).

funkygono the Basher (Demonspawn Monk)             Turns: 14152, Time: 00:35:08

Health: -15/77     AC:  7    Str: 18    XL:     11   Next: 40%
Magic:  11/11      EV: 12    Int: 16    God:    Ru [****..]
Gold:   325        SH:  5    Dex: 16    Spells: 10/10 levels left

rFire    . . .     SeeInvis .   a - +6 whip of Bread {freeze, rPois}
rCold    . . .     Faith    .   (no shield)
rNeg     + . .     Spirit   .   f - +0 scale mail
rPois    +         Reflect  +   (no helmet)
rElec    .         Harm     .   E - +1 cloak
rCorr    .         Rampage  .   t - +0 pair of gloves
Will     .....                  (no boots)
Stlth    +.........             j - amulet of reflection
HPRegen  0.22/turn              C - ring of positive energy
MPRegen  0.12/turn              y - +6 ring of strength

@: corroded
A: talons 2, frail 1, weak 1, no earth magic, no hexes magic, no summoning
magic, weak-willed 1, big brain 2
a: Renounce Religion, Draw Out Power, Power Leap


You were on level 10 of the Dungeon.
You worshipped Ru.
Ru was greatly pleased with you.
You visited 2 branches of the dungeon, and saw 12 of its levels.

You collected 325 gold pieces.

Inventory:

Hand Weapons
 a - the +6 whip of Bread (weapon) {freeze, rPois}
   (You found it on level 4 of the Dungeon)

   It has been specially enchanted to freeze those struck by it, causing extra
   injury to most foes and up to half again as much damage against particularly
   susceptible opponents.
   It can also slow down cold-blooded creatures.
   It protects you from poison.
 b - a +3 hunting sling
 u - a +1 mace
 F - a +0 fustibalus
Missiles
 x - 37 sling bullets
Armour
 f - a +0 scale mail (worn)
 n - a +0 chain mail
 q - a +1 robe of positive energy
 t - a +0 pair of gloves (worn)
 w - a +1 robe
 E - a +1 cloak (worn)
 K - a scarf of repulsion
Jewellery
 g - a +6 ring of dexterity
 j - an amulet of reflection (around neck)
 r - an uncursed ring of willpower
 y - a +6 ring of strength (right hand)
 C - a ring of positive energy (left hand)
 G - an uncursed ring of protection from fire {unknown}
Wands
 v - a wand of random effects (17) (quivered)
 I - a wand of acid (8)
 L - a wand of paralysis (9)
Scrolls
 d - 4 scrolls of amnesia
 k - 6 scrolls of remove curse
 m - 5 scrolls of teleportation
 s - 2 scrolls of fear
 B - a scroll of magic mapping
 J - a scroll of fog
Potions
 c - 3 potions of heal wounds
 e - 2 potions of flight
 h - 3 potions of cancellation
 i - 4 potions of might
 l - a potion of attraction
 o - 2 potions of curing
 p - a potion of ambrosia
 z - a potion of lignification
 A - a potion of brilliance
 D - 2 potions of haste
 H - 2 potions of berserk rage


   Skills:
 + Level 8.0 Fighting
 + Level 10.0 Maces & Flails
 + Level 6.4 Slings
 + Level 7.5 Armour
 + Level 4.7 Dodging
 - Level 3.3 Stealth
 + Level 3.8 Shields
 * Level 1.0 Invocations


You had 10 spell levels left.
You didn't know any spells.
Your spell library contained the following spells:

 Spells                   Type           Power        Failure   Level
 Freeze                   Ice            0%           56%         1
 Magic Dart               Conj           0%           56%         1
 Searing Ray              Conj           0%           71%         2
 Frozen Ramparts          Ice            0%           91%         3
 Ozocubu's Armour         Ice            0%           91%         3
 Hailstorm                Conj/Ice       0%           100%        4
 Iskenderun's Mystic Bla  Conj/Tloc      0%           100%        4
 Dazzling Flash           Conj/Hex       Unusable     N/A         3
 Fulminant Prism          Conj/Hex       Unusable     N/A         4
 Summon Ice Beast         Ice/Summ       Unusable     N/A         4

Dungeon Overview and Level Annotations

Branches:
Dungeon (11/15)            Temple (1/1) D:6             Orc (0/2) D:9
   Lair: D:8-11

Altars:
Ashenzari
Cheibriados
Elyvilon
Hepliaklqana
Makhleb
Nemelex Xobeh
Qazlal
Ru
Sif Muna
Trog
Uskayaw
Wu Jian
Yredelemnul
Zin
The Shining One

Shops:
D:5 *[[   D:7 }   D:10 :?[:


Innate Abilities, Weirdness & Mutations

You have razor-sharp toenails.
You are frail. (-10% HP)
You are weak. (Str -2)
You cannot study or cast Earth magic.
You cannot study or cast Hexes magic.
You cannot study or cast Summoning magic.
You are slightly weak-willed. (Will-)
You have an extremely huge brain. (Int +4)


Message History

You block the worker ant zombie's attack.
You climb upwards.
There is a stone staircase leading down here.
You hit the shadow.
The shadow is lightly damaged.
You block the shadow's attack.
You closely miss the shadow. You claw the shadow, but do no damage.
The shadow is lightly damaged.
The shadow hits you.
You barely miss the shadow.
The shadow is lightly damaged.
You barely miss the shadow.
The shadow is lightly damaged.
The shadow slips into darkness.
The shadow flickers and vanishes!
Deactivating autopickup; reactivate with Ctrl-A.
You hit something. You hit something. You claw something.
The shadow strikes at you from the darkness!
You die...

### ##.## ##...##
##.....## #######
##.<.....# #.....#
#.......(.
#.....####........
#.........†.......
#@....####.#......
#{...)# #........
###.### ######.##
#.# #........ #.#
#.#.#.#.# #.#
#..⌠.∩.⌠. #.###
#.#.#.#.# #...##
#..∩.⌠.∩.
##...###.#.#.#.#


There were no monsters in sight!

Vanquished Creatures
  Harold (D:7)
  Nergalle (D:10)
  Pikel (D:7)
  An ugly thing (D:11)
  A manticore (D:9)
  A centaur zombie (D:10)
  A troll (D:10)
  A hornet (D:8)
  Grinder (D:4)
  6 yaks (D:10)
  2 wraiths (D:9)
  Eustachio (D:5)
  Grum (D:10)
  Menkaure (D:4)
  A two-headed ogre zombie (D:9)
  5 orc warriors
  2 phantoms (D:9)
  4 ice beasts
  2 sky beasts
  5 ogres
  2 necrophages (D:9)
  4 wolves (D:10)
  2 centaurs (D:9)
  A lemure (D:7)
  2 big kobolds
  Blork the orc (D:5)
  7 bullfrogs
  A water moccasin skeleton (D:4)
  7 killer bees (D:7)
  3 troll zombies (D:9)
  A wight (D:9)
  3 electric eels (D:7)
  3 howler monkeys
  A quasit (D:9)
  A bullfrog skeleton (D:9)
  3 human zombies (D:9)
  3 jellies
  4 hounds
  9 orc priests
  Crazy Yiuf (D:7)
  4 centaur skeletons
  2 iguanas
  11 orc wizards
  8 worker ants
  4 ogre zombies (D:9)
  3 hound skeletons
  3 mummies (D:9)
  2 worker ant zombies
  16 adders
  4 shadow imps
  2 white imps
  4 ufetubi
  An ooze (D:4)
  2 adder zombies
  2 adder skeletons
  4 worms
  5 dart slugs
  7 leopard geckos
  38 orcs
  6 giant cockroaches
  8 goblins
  6 hobgoblins
  2 quokkas (D:7)
  2 ball pythons (D:4)
  12 bats
  6 frilled lizards
  3 goblin zombies (D:9)
  A hobgoblin skeleton (D:9)
  4 hobgoblin zombies (D:9)
  11 kobolds
  3 orc skeletons (D:9)
  13 orc zombies (D:9)
  2 quokka skeletons
  A quokka zombie (D:7)
  6 rats
306 creatures vanquished.

Vanquished Creatures (others)
  A human skeleton (D:9)
  An orc wizard (D:4)
  An adder (D:6)
  An orc zombie (D:9)
  2 plants (D:7)
6 creatures vanquished.

Grand Total: 312 creatures vanquished

Notes
Turn   | Place    | Note
-------+----------+-------------------------------------------
     0 | D:1      | funkygono the Demonspawn Monk began the quest for the Orb.
     0 | D:1      | Reached XP level 1. HP: 18/18 MP: 1/1
   283 | D:1      | Gained mutation: You have an unusually large brain. (Int
                  | +2) [demonic ancestry]
   283 | D:1      | Reached XP level 2. HP: 24/24 MP: 2/2
   726 | D:1      | Reached skill level 3 in Maces & Flails
  1215 | D:2      | Reached XP level 3. HP: 22/29 MP: 3/3
  1809 | D:2      | Reached XP level 4. HP: 21/35 MP: 4/4
  2430 | D:3      | Found a sacrificial altar of Ru.
  2472 | D:3      | Became a worshipper of Ru the Awakened
  2506 | D:3      | Gained mutation: You cannot study or cast Earth magic. [Ru
                  | sacrifice]
  2506 | D:3      | Gained mutation: You cannot study or cast Hexes magic. [Ru
                  | sacrifice]
  2506 | D:3      | Gained mutation: You cannot study or cast Summoning magic.
                  | [Ru sacrifice]
  2506 | D:3      | Reached * piety under Ru
  2587 | D:3      | Reached skill level 1 in Armour
  2814 | D:3      | Gained mutation: You have sharp toenails. [demonic
                  | ancestry]
  2814 | D:3      | Reached XP level 5. HP: 31/42 MP: 5/5
  3382 | D:4      | Noticed Menkaure
  3389 | D:4      | Killed Menkaure
  3390 | D:4      | Reached skill level 4 in Maces & Flails
  3390 | D:4      | Reached skill level 1 in Shields
  3390 | D:4      | Gained mutation: You have razor-sharp toenails. [demonic
                  | ancestry]
  3390 | D:4      | Reached XP level 6. HP: 14/48 MP: 6/6
  3841 | D:4      | Noticed Grinder
  3905 | D:4      | Killed Grinder
  3906 | D:4      | Reached skill level 5 in Maces & Flails
  3906 | D:4      | Reached XP level 7. HP: 21/54 MP: 7/7
  4467 | D:4      | Got a warped whip
  4468 | D:4      | Identified the +6 whip of Bread {freeze, rPois} (You found
                  | it on level 4 of the Dungeon)
  4954 | D:5      | Entered Level 5 of the Dungeon
  5107 | D:5      | Found Zoih's General Store.
  5161 | D:5      | Gained mutation: You are slightly weak-willed. (Will-) [Ru
                  | sacrifice]
  5161 | D:5      | Reached ** piety under Ru
  5331 | D:5      | Noticed Blork the orc
  5338 | D:5      | Gained mutation: You have an extremely huge brain. (Int +4)
                  | [demonic ancestry]
  5338 | D:5      | Reached XP level 8. HP: 46/61 MP: 8/8
  5346 | D:5      | Reached skill level 6 in Maces & Flails
  5356 | D:5      | Killed Blork the orc
  5593 | D:5      | Noticed Eustachio
  5623 | D:5      | Killed Eustachio
  5726 | D:5      | Found a snail-covered altar of Cheibriados.
  5792 | D:5      | Reached skill level 5 in Fighting
  5893 | D:5      | Found Teyxt's Antique Armour Boutique.
  5905 | D:5      | Found Soankain's Antique Armour Shop.
  6637 | D:6      | Reached skill level 7 in Maces & Flails
  6637 | D:6      | Reached skill level 1 in Slings
  6910 | D:6      | Reached XP level 9. HP: 62/68 MP: 9/9
  7036 | D:6      | Found a staircase to the Ecumenical Temple.
  7051 | Temple   | Entered the Ecumenical Temple
  7592 | D:7      | Noticed Harold
  7613 | D:7      | Killed Harold
  7614 | D:7      | Reached skill level 5 in Armour
  8460 | D:7      | Reached skill level 8 in Maces & Flails
  8685 | D:7      | Found Jomo's Gadget Boutique.
  8801 | D:7      | Gained mutation: You are weak. (Str -2) [Ru sacrifice]
  9263 | D:7      | Found a runed translucent door.
  9264 | D:7      | Noticed Crazy Yiuf
  9275 | D:7      | Killed Crazy Yiuf
  9366 | D:7      | Noticed Pikel
  9383 | D:7      | Killed Pikel
  9384 | D:7      | Reached XP level 10. HP: 77/77 MP: 10/10
  9987 | D:8      | Found a white marble altar of Elyvilon.
 10261 | D:8      | Paralysed by a hornet for 3 turns
 10266 | D:8      | HP: 2/77 [hornet (10)]
 10979 | D:9      | Reached skill level 5 in Slings
 11027 | D:9      | Noticed a manticore
 11048 | D:9      | Killed a manticore
 11111 | D:9      | Reached skill level 9 in Maces & Flails
 11167 | D:9      | Found a staircase to the Orcish Mines.
 11687 | D:9      | Gained mutation: You are frail. (-10% HP) [Ru sacrifice]
 11687 | D:9      | Reached *** piety under Ru
 11687 | D:9      | Reached **** piety under Ru
 11795 | D:9      | Found a stormy altar of Qazlal.
 12086 | D:9      | Found a basalt altar of Yredelemnul.
 12486 | D:10     | Entered Level 10 of the Dungeon
 12597 | D:10     | Found Utiris's Book Shoppe.
 12598 | D:10     | Found Zeakot's Magic Scroll Shoppe.
 12599 | D:10     | Found Pufric's Book Shoppe.
 12617 | D:10     | Found Gethemp's Antique Armour Shoppe.
 12854 | D:10     | Reached XP level 11. HP: 75/75 MP: 11/11
 12864 | D:10     | Noticed Grum
 12891 | D:10     | Killed Grum
 13631 | D:10     | Noticed Nergalle
 13638 | D:10     | Noticed a spectral orc warlord
 13663 | D:10     | Killed Nergalle
 14129 | D:11     | Noticed a white ugly thing
 14143 | D:11     | Killed a white ugly thing
 14144 | D:11     | Reached skill level 10 in Maces & Flails
 14144 | D:11     | Reached skill level 1 in Invocations
 14145 | D:11     | Noticed a two-headed ogre
 14152 | D:10     | Demolished by a shadow

Illustrated notes

Levels and vault maps discovered:
D:1:      dpeg_arrival_stonehenge_12_columns, layout_basic
D:2:      layout_loops_corners, grunt_decor_cap
D:3:      layout_rooms, nicolae_ru_awakened_eye
D:4:      layout_basic, uniq_menkaure, uniq_grinder
D:5:      layout_rooms, kennysheep_slug_shrine, serial_shops,
          nicolae_shop_stone, shop, nicolae_shop_trees,
          chequers_decorated_corner, uniq_eustachio, uniq_blork_the_orc
D:6:      layout_basic, minmay_temple_entry_trees, portal_sewer_entry_d,
          serial_curves, eino_curves_01, eino_curves_01
D:7:      layout_basic, serial_shops, nicolae_shop_waterfront, st_stairs_5,
          serial_bayou_ford_a, uniq_harold, uniq_crazy_yiuf_cottage, uniq_pikel
D:8:      layout_basic, overflow_temple_1_default, kennysheep_nondescript
D:9:      layout_roguey, nicolae_overflow_crystal_walls, zombieorc2_lemuel,
          lemuel_mausoleum_altar_yredelemnul
D:10:     layout_loops_corners, minmay_shop_grid_forest, nrook_mini_vaults,
          uniq_nergalle, uniq_grum
D:11:     minmay_the_grid_octo_tiled_octocenter_mashed
          [minmay_the_grid_octo_focus, minmay_the_grid_octo_pinwheel,
          minmay_the_grid_octo_checkerflower, minmay_the_grid_octo_clover_2,
          minmay_the_grid_octo_prize_single_spiral,
          minmay_the_grid_square_5x5_spiral, minmay_the_grid_square_5x5_inner_z,
          minmay_the_grid_square_5x5_hourglass,
          minmay_the_grid_square_5x5_minivault], layout_loops_cross,
          grunt_lair_entry_orc_guard_hut, minivault_29, uniq_josephine
Temple:   regret_index_temple_mists

Skill      XL: |  1  2  3  4  5  6  7  8  9 10 11 |
---------------+----------------------------------+-----
Maces & Flails | 3 4 5 7 8 9 10 | 10.0
Dodging        | 3 4 |  4.7
Stealth        | 2 3 |  3.3
Armour         | 1 2 3 4 6 7 |  7.5
Shields        | 1 2 3 |  3.8
Fighting       | 4 5 6 7 8 |  8.0
Slings         | 1 4 5 6 |  6.4
Invocations    | 1 |  1.0

Action                   |  1- 3 |  4- 6 |  7- 9 | 10-12 || total
-------------------------+-------+-------+-------+-------++-------
Melee: Mace              |   116 |   161 |    33 |       ||   310
       Kick              |       |    25 |   122 |   183 ||   330
       Whip              |       |       |   300 |   460 ||   760
 Fire: Hunting sling     |       |       |    67 |   129 ||   196
Invok: Sacrifice Arcana  |       |     1 |       |       ||     1
       Sacrifice Essence |       |       |     1 |       ||     1
       Sacrifice Purity  |       |       |     1 |       ||     1
       Draw Out Power    |       |       |       |     3 ||     3
       Sacrifice Health  |       |       |       |     1 ||     1
Evoke: Wand              |       |       |       |     1 ||     1
  Use: Scroll            |     7 |     3 |    10 |     6 ||    26
       Potion            |     1 |       |     2 |     3 ||     6
 Stab: Sleeping          |     1 |       |     2 |       ||     3
       Distracted        |       |     1 |     1 |       ||     2
       Invisible         |       |       |     1 |     2 ||     3
Armor: Robe              |    14 |       |       |       ||    14
       Scale mail        |    18 |    77 |    48 |   106 ||   249
Dodge: Dodged            |    82 |    78 |   141 |   154 ||   455
Block: Other             |    25 |    33 |    49 |    80 ||   187
       Reflection        |     1 |     1 |       |       ||     2
